 Dungeon Crawl Stone Soup version 0.18.1-48-g4cf74bf (webtiles) character file.

1565 theElss the Destroyer (level 8, -7/46 HPs)
             Began as a High Elf Conjurer on July 12, 2016.
             Was a Believer of Vehumet.
             Killed from afar by Dowan (26 damage)
             ... with a shard of ice
             ... on level 6 of the Dungeon.
             The game lasted 00:28:13 (7176 turns).

theElss the Destroyer (High Elf Conjurer)           Turns: 7176, Time: 00:28:13

Health: -7/46      AC:  4    Str:  9    XL:     8   Next: 59%
Magic:  1/30       EV: 14    Int: 19    God:    Vehumet [**....]
Gold:   241        SH:  0    Dex: 16    Spells: 5 memorised, 9 levels left

rFire  . . .     SeeInvis .     s - +0 dagger
rCold  . . .     Gourm    .     a - +0 robe
rNeg   . . .     Faith    .     (no shield)
rPois  .         Spirit   .     L - +0 helmet
rElec  .         Dismiss  .     r - +0 cloak
rCorr  .         Reflect  .     (no gloves)
SustAt +         Harm     .     (no boots)
MR     .....                    (no amulet)
Stlth  ++........               w - ring of sustain attributes
                                h - ring of magical power

@: not resistant to hostile enchantments, unstealthy
A: no striking features
a: Renounce Religion


You were on level 6 of the Dungeon.
You worshipped Vehumet.
Vehumet was pleased with you.
You were near starving.

You visited 2 branches of the dungeon, and saw 7 of its levels.
You also visited: Ossuary.

You collected 241 gold pieces.

Inventory:

Hand Weapons
 s - a +0 dagger (weapon)
Armour
 a - a +0 robe (worn)
 r - a +0 cloak (worn)
 E - a +3 leather armour of magic resistance
 L - a +0 helmet (worn)
Jewellery
 h - a ring of magical power (left hand)
 w - a ring of sustain attributes (right hand)
 x - an uncursed ring of ice
 K - the amulet "Yblanun" {Dismiss MP-9 Str+7}
   (You found it on level 5 of the Dungeon)

   [amulet of dismissal]

   It may teleport away creatures that harm you.
   It affects your strength (+7).
   It affects your magic capacity (-9).
Wands
 j - a wand of acid (8/15)
 o - a wand of polymorph (11/24)
 C - a wand of hasting (4/9)
 F - a wand of flame (24/48)
 I - a wand of enslavement (12/24)
Scrolls
 f - 2 scrolls of enchant armour {unknown}
 g - 2 scrolls of identify {unknown}
 k - a scroll of noise {unknown}
 m - 2 scrolls of recharging {unknown}
 p - 3 scrolls of remove curse {unknown}
 q - 2 scrolls of teleportation {unknown}
 v - a scroll of magic mapping {unknown}
 y - 2 scrolls of amnesia {unknown}
 z - a scroll of fear {unknown}
 A - a scroll of acquirement {unknown}
 B - a scroll of random uselessness {unknown}
 H - a scroll of torment {unknown}
Potions
 d - 2 potions of mutation {unknown}
 e - a potion of haste
 i - a potion of flight {unknown}
 l - 5 potions of curing {unknown}
 n - a potion of ambrosia {unknown}
 t - 2 potions of degeneration {unknown}
 u - 3 potions of brilliance {unknown}
 D - a potion of heal wounds {unknown}
 G - a potion of lignification {unknown}
Books
 b - a book of Conjurations

   Spells                             Type                      Level
   a - Magic Dart                     Conjuration                  1
   b - Searing Ray                    Conjuration                  2
   c - Dazzling Spray                 Conjuration/Hexes            3
   d - Fulminant Prism                Conjuration/Hexes            4
   e - Iskenderun's Mystic Blast      Conjuration                  4
   f - Iskenderun's Battlesphere      Conjuration/Charms           5
Comestibles
 c - 4 bread rations
 M - a slice of pizza


   Skills:
 + Level 4.5 Dodging
 - Level 2.1 Stealth
 + Level 8.2 Spellcasting
 + Level 8.9 Conjurations
 * Level 1.6 Fire Magic


You had 9 spell levels left.
You knew the following spells:

 Your Spells              Type           Power        Failure   Level  Hunger
a - Magic Dart            Conj           ####         1%          1    None
b - Iskenderun's Battles  Conj/Chrm      ###.....     38%         5    #####..
c - Searing Ray           Conj           #####.       1%          2    None
d - Iskenderun's Mystic   Conj           #####...     2%          4    ###....
e - Throw Flame           Conj/Fire      ####..       1%          2    None


Dungeon Overview and Level Annotations

Branches:
Dungeon (6/15)             Temple (1/1) D:4

Altars:
Cheibriados
Dithmenos
Elyvilon
Gozag
Kikubaaqudgha
Makhleb
Nemelex Xobeh
Okawaru
Pakellas
Qazlal
Ru
Sif Muna
Trog
Vehumet
Yredelemnul
Zin

Annotations:
D:2 exclusion: downstairs, Robin
D:4 Sigmund
D:6 Dowan


Message History

Aim: Dowan, wielding a dagger and wearing a robe (moderately wounded, fast)
The orb of energy hits Dowan.
Dowan is almost dead.
The orb of energy explodes!
Dowan points at you and mumbles some strange words.
The stone arrow hits you!
Casting: Iskenderun's Mystic Blast
Confirm with . or Enter, or press ? or * to list all spells.
Aiming: Magic Dart
Press: ? - help, Shift-Dir - straight line, f/p - Dowan
Aim: Dowan, wielding a dagger and wearing a robe (almost dead, fast)
The magic dart hits Dowan.
Dowan is almost dead.
Dowan hits you but does no damage.
You barely miss Dowan.
Dowan is almost dead.
Dowan gestures at you while chanting. The shard of ice hits you!
Ouch! That really hurt!
You die...

......## ##. ......#
.......# #.## .....#
.......# #..## .....#
.......## ##...# ....#
........# #....##...#
........# ##.....#..#
........# ##....)....#
........####.........##
.........#.....e@.....#
............#..........#
..........##...........#
........####............#
........#
#.....##.?.....#
.....#...
#....####....(..
...............# ......
..............## .....
.<.......


You could see Dowan.

Vanquished Creatures
  A two-headed ogre (D:5)
  Eustachio (D:4)
  Menkaure (D:5)
  Duvessa (D:6)
  A phantom (D:5)
  A centaur (D:5)
  A giant frog (D:6)
  A hound (D:4)
  A jelly (D:6)
  Crazy Yiuf (D:4)
  An orc priest (D:3)
  2 orc wizards
  2 giant frog skeletons (D:4)
  Jessica (D:2)
  Terence (D:2)
  Natasha (thrice) (D:4)
  2 worker ants
  4 big kobold zombies (Ossuary)
  A mummy (Ossuary)
  11 adders
  2 oozes
  An adder skeleton (D:5)
  7 worms
  5 dart slugs
  A giant gecko (D:4)
  17 orcs
  5 spectral bats (Ossuary)
  A ball python (D:2)
  A giant cockroach (D:4)
  6 gnoll zombies (Ossuary)
  12 goblins
  12 hobgoblins
  2 jackals (D:4)
  2 quokkas
  5 bats
  3 bat simulacra (Ossuary)
  5 giant newts
  5 goblin simulacra (Ossuary)
  2 goblin zombies (Ossuary)
  4 hobgoblin zombies (Ossuary)
  10 kobolds
  3 kobold simulacra (Ossuary)
  4 kobold zombies (Ossuary)
  6 orc zombies (Ossuary)
  7 rats
  A rat simulacrum (Ossuary)
  2 spectral goblins (Ossuary)
  4 spectral kobolds (Ossuary)
  4 spectral rats (Ossuary)
177 creatures vanquished.

Vanquished Creatures (others)
  2 big kobold zombies (Ossuary)
  2 goblin zombies (Ossuary)
4 creatures vanquished.

Grand Total: 181 creatures vanquished

Notes
Turn   | Place    | Note
--------------------------------------------------------------
     0 | D:1      | theElss the High Elf Conjurer began the quest for the Orb.
     0 | D:1      | Reached XP level 1. HP: 11/11 MP: 4/4
     2 | D:1      | Noticed an ogre
     4 | D:1      | Noticed a tengu
     6 | D:1      | Noticed a human
     6 | D:1      | Noticed a troll
     8 | D:1      | Noticed a halfling
     8 | D:1      | Noticed a demonspawn
    10 | D:1      | Noticed an elf
    12 | D:1      | Noticed an octopode
    12 | D:1      | Noticed a dwarf
    14 | D:1      | Noticed a centaur
    14 | D:1      | Noticed a minotaur
    16 | D:1      | Noticed a felid
    16 | D:1      | Noticed a vampire
    18 | D:1      | Noticed a formicid
    18 | D:1      | Noticed a draconian
    20 | D:1      | Noticed a spriggan
    20 | D:1      | Noticed a merfolk
    22 | D:1      | Noticed a naga
    22 | D:1      | Noticed a vine stalker
    24 | D:1      | Noticed a gargoyle
    24 | D:1      | Noticed a ghoul
    26 | D:1      | Noticed a demigod
   255 | D:1      | Reached XP level 2. HP: 11/17 MP: 0/6
   401 | D:1      | Reached skill level 5 in Conjurations
   781 | D:1      | Reached XP level 3. HP: 21/21 MP: 0/8
   886 | D:1      | Learned a level 2 spell: Searing Ray
  1035 | D:2      | Found a faded altar to an unknown god.
  1189 | D:2      | Found a glowing silver altar of Zin.
  1192 | D:2      | Noticed Robin
  1193 | D:2      | Found a stormy altar of Qazlal.
  1328 | D:2      | Noticed Terence
  1334 | D:2      | Killed Terence
  1334 | D:2      | Reached XP level 4. HP: 27/27 MP: 4/9
  1876 | D:2      | Noticed Jessica
  1879 | D:2      | Killed Jessica
  1879 | D:2      | Reached XP level 5. HP: 31/31 MP: 6/11
  1923 | D:2      | Learned a level 4 spell: Iskenderun's Mystic Blast
  2052 | D:2      | Learned a level 5 spell: Iskenderun's Battlesphere
  3421 | D:3      | Reached skill level 5 in Spellcasting
  3421 | D:3      | Reached XP level 6. HP: 36/36 MP: 9/14
  3722 | D:4      | Noticed Natasha
  3725 | D:4      | Killed Natasha
  3841 | D:4      | Found a shadowy altar of Dithmenos.
  3866 | D:4      | Noticed Natasha
  3872 | D:4      | Killed Natasha
  3873 | D:4      | Noticed Sigmund
  4099 | D:4      | Noticed Natasha
  4102 | D:4      | Killed Natasha
  4186 | D:4      | Found a staircase to the Ecumenical Temple.
  4237 | Temple   | Entered the Ecumenical Temple
  4476 | D:4      | Noticed Eustachio
  4494 | D:4      | Killed Eustachio
  4494 | D:4      | Reached XP level 7. HP: 31/41 MP: 9/17
  4646 | D:4      | Noticed Crazy Yiuf
  4650 | D:4      | Killed Crazy Yiuf
  5002 | D:5      | Entered Level 5 of the Dungeon
  5008 | D:5      | Noticed a two-headed ogre
  5015 | D:5      | Killed a two-headed ogre
  5054 | D:5      | Found a radiant altar of Vehumet.
  5063 | D:5      | Became a worshipper of Vehumet
  5156 | D:5      | Found a sand-covered staircase.
  5161 | Ossuary  | Entered an ossuary
  5533 | Ossuary  | Reached * piety under Vehumet
  5533 | Ossuary  | Offered knowledge of Freeze by Vehumet.
  6135 | Ossuary  | Reached XP level 8. HP: 33/46 MP: 17/19
  6294 | Ossuary  | Reached ** piety under Vehumet
  6464 | D:5      | Noticed Menkaure
  6472 | D:5      | Killed Menkaure
  6472 | D:5      | Offered knowledge of Throw Flame by Vehumet.
  6476 | D:5      | Learned a level 2 spell: Throw Flame
  6553 | D:5      | Got a translucent iron amulet
  6554 | D:5      | Identified the amulet "Yblanun" {Dismiss MP-9 Str+7} (You found it on level 5 of the Dungeon)
  7040 | D:5      | Reached skill level 1 in Fire Magic
  7157 | D:6      | Noticed Duvessa
  7159 | D:6      | Noticed Dowan
  7169 | D:6      | Killed Duvessa
  7176 | D:6      | Killed from afar by Dowan

Skill      XL: |  1  2  3  4  5  6  7  8 |
---------------+-------------------------+-----
Conjurations   | 5 6 7 8 |  8.9
Spellcasting   | 3 5 6 7 8 |  8.2
Dodging        | 3 4 |  4.5
Fire Magic     | 1 |  1.6
Stealth        | |  2.1

Action                   |  1- 3 |  4- 6 |  7- 9 || total
-------------------------+-------+-------+-------++-------
Melee: Unarmed           |     3 |     4 |       ||     7
       Dagger            |       |     2 |     1 ||     3
 Cast: Magic Dart        |    51 |   120 |    83 ||   254
       Searing Ray       |     3 |    30 |    34 ||    67
       Iskenderun's Myst |       |       |    12 ||    12
       Throw Flame       |       |       |     5 ||     5
  Eat: Chunk             |     1 |    10 |     3 ||    14
       Meat ration       |       |       |     1 ||     1
Armor: Robe              |     1 |     4 |    12 ||    17
Dodge: Dodged            |     7 |    26 |    35 ||    68
